 Seeded DCSS version 0.31-a0-369-g8eba5f6939 (webtiles) character file.

Game seed: 18070899122180095218 (custom seed)

177 GilGalad the Covert (level 5, -5/47 HPs)
             Began as a Gnoll Delver on July 28, 2023.
             Slain by a lemure (7 damage)
             ... led by Pikel
             ... on level 4 of the Dungeon on July 29, 2023.
             The game lasted 00:06:01 (1433 turns).

GilGalad the Covert (Gnoll Delver)                  Turns: 1433, Time: 00:06:01

Health: -5/47      AC:  3    Str: 11    XL:     5   Next: 57%
Magic:  7/7        EV: 13    Int: 10    God:
Gold:   64         SH:  0    Dex: 15    Spells: 7/7 levels left

rFire   . . .        a - +0 short sword
rCold   . . .        (no shield)
rNeg    . . .        b - +0 leather armour
rPois   .            (no helmet)
rElec   .            (no cloak)
rCorr   .            (no gloves)
SInv    .            (no boots)
Will    .....        (no amulet)
Stlth   ++++         (no ring)
HPRegen 0.27/turn    (no ring)
MPRegen 0.10/turn

%: no passive effects
@: brilliant
A: fangs 1, strong nose, distributed training
a: no special abilities


You were on level 4 of the Dungeon.
You visited 1 branch of the dungeon, and saw 4 of its levels.

You collected 64 gold pieces.

Inventory:

Hand Weapons
 a - a +0 short sword (weapon)
Missiles
 j - 5 atropa-tipped darts (quivered)
 k - 6 poisoned darts
Armour
 b - a +0 leather armour (worn)
Wands
 g - a wand of digging (3)
Scrolls
 c - a scroll of fog
 d - 2 scrolls of revelation
 e - a scroll of fear
 f - a scroll of teleportation {unknown}
 h - a scroll of blinking {unknown}
 l - a scroll of enchant armour {unknown}


   Skills:
 + Level 6.7 Fighting
 + Level 4.8 Short Blades
 + Level 1.6 Long Blades
 + Level 1.6 Axes
 + Level 1.6 Maces & Flails
 + Level 1.6 Polearms
 + Level 1.6 Staves
 + Level 1.6 Ranged Weapons
 + Level 1.6 Throwing
 + Level 1.6 Armour
 + Level 4.8 Dodging
 + Level 9.7 Stealth
 + Level 1.6 Shields
 + Level 1.6 Unarmed Combat
 + Level 1.6 Spellcasting
 + Level 1.2 Conjurations
 + Level 1.2 Hexes
 + Level 1.2 Summonings
 + Level 1.2 Necromancy
 + Level 1.2 Translocations
 + Level 1.2 Transmutations
 + Level 1.2 Fire Magic
 + Level 1.2 Ice Magic
 + Level 1.2 Air Magic
 + Level 1.2 Earth Magic
 + Level 1.2 Poison Magic
 + Level 1.8 Invocations
 + Level 1.6 Evocations
 + Level 1.2 Shapeshifting


You had 7 spell levels left.
You didn't know any spells.
Your spell library contained the following spells:

 Spells                   Type           Power      Damage    Failure   Level
 Animate Dead             Necr           5%         N/A       94%         4
 Haunt                    Necr/Summ      2%         N/A       100%        7
 Infestation              Necr           2%         N/A       100%        8


Dungeon Overview and Level Annotations

Branches:
Dungeon (5/15)
 Temple: D:4-7

Altars:

Annotations:
D:3 exclusion: water moccasin
D:4 Pikel


Innate Abilities, Weirdness & Mutations

You have very sharp teeth.
Your uncanny sense of smell can sniff out nearby items.
Your experience applies equally to all skills.


Message History

You hit the lemure but do no damage.
The lemure is moderately wounded.
You hit the lemure.
The lemure is moderately wounded.
The lemure barely misses you.
You hit the lemure but do no damage. You bite the lemure, but do no damage.
The lemure is moderately wounded.
The lemure closely misses you.
You hit the lemure but do no damage.
The lemure is moderately wounded.
The lemure closely misses you.
You hit the lemure.
The lemure is heavily wounded.
You barely miss the lemure.
The lemure is heavily wounded.
The lemure closely misses you.
You hit the lemure.
The lemure is heavily wounded.
The lemure hits you.
* * * LOW HITPOINT WARNING * * *
You closely miss the lemure.
The lemure is heavily wounded.
The lemure closely misses you.
You closely miss the lemure.
The lemure is heavily wounded.
The lemure hits you.
* * * LOW HITPOINT WARNING * * *
You hit the lemure but do no damage.
The lemure is heavily wounded.
It was a potion of brilliance.
You feel clever all of a sudden. The lemure barely misses you.
You closely miss the lemure.
The lemure is heavily wounded.
The lemure hits you!
* * * LOW HITPOINT WARNING * * *
You hit the lemure but do no damage. You punch the lemure, but do no damage.
The lemure is heavily wounded.
The lemure hits you!
You die...

#.....#.....
#.....#.....
#.....#)....
#########.....#...##
#.............#...##
#.............#.....
#.............#.....
#.............#....#
#..@5.........#....#
#.............#..5..
########......#....#
#......#....#
#......#....#
########......#....#
#.............#....#
#.............##'###
#...................


You could see a lemure.

Vanquished Creatures
  A lemure (D:4)
  A phantom (D:4)
  A hound (D:4)
  An iguana (D:4)
  A gnoll (D:3)
  2 adders (D:4)
  A worm (D:3)
  A dart slug (D:4)
  An orc (D:4)
  A goblin (D:4)
  3 hobgoblins
  2 kobolds (D:4)
  A quokka (D:4)
  A ball python (D:4)
  A bat (D:3)
  A rat (D:2)
20 creatures vanquished.

Notes
Turn   | Place    | Note
-------+----------+-------------------------------------------
     0 | D:5      | Reached skill level 9 in Stealth
     0 | D:5      | GilGalad the Gnoll Delver began the quest for the Orb.
     0 | D:5      | Reached XP level 1. HP: 23/23 MP: 1/1
     0 | D:5      | Noticed a jelly
   232 | D:4      | Reached XP level 2. HP: 29/29 MP: 2/2
   454 | D:4      | Reached XP level 3. HP: 11/35 MP: 3/3
   663 | D:3      | Noticed a water moccasin
   727 | D:4      | Noticed a lemure
   727 | D:4      | Noticed a lemure
   729 | D:4      | Noticed Pikel
   756 | D:4      | Noticed a phantom
   893 | D:4      | Noticed a lemure
   908 | D:3      | Reached skill level 1 in Invocations
   965 | D:4      | Killed a phantom
   966 | D:4      | Reached skill level 1 in Long Blades
   966 | D:4      | Reached skill level 1 in Axes
   966 | D:4      | Reached skill level 1 in Maces & Flails
   966 | D:4      | Reached skill level 1 in Polearms
   966 | D:4      | Reached skill level 1 in Staves
   966 | D:4      | Reached skill level 1 in Ranged Weapons
   966 | D:4      | Reached skill level 1 in Throwing
   966 | D:4      | Reached skill level 1 in Armour
   966 | D:4      | Reached skill level 1 in Shields
   966 | D:4      | Reached skill level 1 in Unarmed Combat
   966 | D:4      | Reached skill level 1 in Spellcasting
   966 | D:4      | Reached skill level 1 in Conjurations
   966 | D:4      | Reached skill level 1 in Hexes
   966 | D:4      | Reached skill level 1 in Summonings
   966 | D:4      | Reached skill level 1 in Necromancy
   966 | D:4      | Reached skill level 1 in Translocations
   966 | D:4      | Reached skill level 1 in Transmutations
   966 | D:4      | Reached skill level 1 in Fire Magic
   966 | D:4      | Reached skill level 1 in Ice Magic
   966 | D:4      | Reached skill level 1 in Air Magic
   966 | D:4      | Reached skill level 1 in Earth Magic
   966 | D:4      | Reached skill level 1 in Poison Magic
   966 | D:4      | Reached skill level 1 in Evocations
   966 | D:4      | Reached skill level 1 in Shapeshifting
   966 | D:4      | Reached XP level 4. HP: 29/41 MP: 5/5
   972 | D:4      | Reached XP level 5. HP: 35/47 MP: 5/7
  1206 | D:4      | Noticed a lemure
  1265 | D:4      | Killed a lemure
  1432 | D:4      | HP: 2/47 [lemure[Pikel] (8)]
  1433 | D:4      | Slain by a lemure

Illustrated notes

Levels and vault maps discovered:
D:2:      minmay_general_purpose_star, layout_basic, basic_altar,
          minmay_misc_feat_encased
D:3:      cheibrodos_helix_gallery, layout_rooms,
          gammafunk_temple_overflow_arena, serial_curves, eino_curves_02,
          eino_curves_01, eino_curves_02
D:4:      layout_gridville, uniq_pikel
D:5:      layout_loops_ring, minmay_holes, grunt_ministairs_4, st_stairs_9

Skill      XL: |  1  2  3 |
---------------+----------+-----
Stealth        | |  9.7
Invocations    | 1 |  1.8
Long Blades    | 1 |  1.6
Axes           | 1 |  1.6
Maces & Flails | 1 |  1.6
Polearms       | 1 |  1.6
Staves         | 1 |  1.6
Ranged Weapons | 1 |  1.6
Throwing       | 1 |  1.6
Armour         | 1 |  1.6
Shields        | 1 |  1.6
Unarmed Combat | 1 |  1.6
Spellcasting   | 1 |  1.6
Conjurations   | 1 |  1.2
Hexes          | 1 |  1.2
Summonings     | 1 |  1.2
Necromancy     | 1 |  1.2
Translocations | 1 |  1.2
Transmutations | 1 |  1.2
Fire Magic     | 1 |  1.2
Ice Magic      | 1 |  1.2
Air Magic      | 1 |  1.2
Earth Magic    | 1 |  1.2
Poison Magic   | 1 |  1.2
Evocations     | 1 |  1.6
Shapeshifting  | 1 |  1.2
Fighting       | |  6.7
Short Blades   | |  4.8
Dodging        | |  4.8

Action                     |  1- 3 |  4- 6 || total
---------------------------+-------+-------++-------
  Melee: Short sword       |   101 |    84 ||   185
         Bite              |    11 |     6 ||    17
         Punch             |     1 |     2 ||     3
  Throw: Dart              |     1 |       ||     1
    Use: Potion            |     1 |     1 ||     2
   Stab: Sleeping          |     3 |     3 ||     6
 Armour: Leather armour    |    17 |     7 ||    24
  Dodge: Dodged            |    51 |    34 ||    85

Table legend: (Time is in decaauts)
 A = Elapsed time spent in this place.
 B = Non-inter-level travel time spent in this place.
 C = Inter-level travel time spent in this place.
 D = Time resting spent in this place.
 E = Time spent auto-exploring this place.
 F = Levels seen in this place.
 G = Mean time per level.
                   A        B        C        D        E       F      G
               +--------+--------+--------+--------+--------+-----+--------+
         Total |   1374 |   1310 |     64 |    149 |    541 |   4 |  343.5 |
       Dungeon |   1374 |   1310 |     64 |    149 |    541 |   4 |  343.5 |
               +--------+--------+--------+--------+--------+-----+--------+

Top non-repeatable levels by time:
     D:4: 1171 daAuts
     D:3: 186 daAuts
     D:5: 14 daAuts
     D:2: 2 daAuts
